 Dungeon Crawl Stone Soup version 0.29-a0-541-gaf1fc19f1b (webtiles) character file.

Game seed: 4046433397388973237

150 grumblor the Ducker (level 5, -1/26 HPs)
             Began as a Spriggan Gladiator on June 3, 2022.
             Slain by a gnoll
             ... wielding a +0 whip
             ... led by a gnoll shaman
              (8 damage)
             ... on level 3 of the Dungeon.
             The game lasted 00:04:04 (2773 turns).

grumblor the Ducker (Spriggan Gladiator)            Turns: 2773, Time: 00:04:05

Health: -1/26      AC:  2    Str: 10    XL:     5   Next: 10%
Magic:  6/6        EV: 21    Int:  9    God:
Gold:   118        SH:  5    Dex: 19    Spells: 4/4 levels left

rFire   . . .      SeeInvis +   a - +0 rapier
rCold   . . .      Faith    .   (no shield)
rNeg    . . .      Spirit   .   b - +0 robe
rPois   .          Reflect  +   c - +0 hat
rElec   .          Harm     .   (no cloak)
rCorr   .          Rampage  .   (gloves unavailable)
Will    .....                   (boots unavailable)
Stlth   ++........              g - amulet of reflection
HPRegen 0.08/turn               (no ring)
MPRegen 0.10/turn               (no ring)

@: very quick
A: very small, no large weapons, unfitting armour, see invisible, speed 3
a: no special abilities


You were on level 3 of the Dungeon.
You visited 1 branch of the dungeon, and saw 3 of its levels.

You collected 118 gold pieces.

Inventory:

Hand Weapons
 a - a +0 rapier (weapon)
Missiles
 d - 3 throwing nets (quivered)
Armour
 b - a +0 robe (worn)
 c - a +0 hat (worn)
Jewellery
 g - an amulet of reflection (around neck)
 m - a ring of ice
Wands
 k - a wand of flame (7)
Scrolls
 l - a scroll of fear
 n - a scroll of identify
Potions
 f - 4 potions of ambrosia
 h - a potion of curing {unknown}
 i - a potion of heal wounds
 j - a potion of invisibility


   Skills:
 + Level 2.2 Fighting
 - Level 3.2 Short Blades
 - Level 2.0 Throwing
 * Level 6.5 Dodging
 * Level 2.6 Stealth
 * Level 1.3 Evocations


You had 4 spell levels left.
You didn't know any spells.
Your spell library was empty.

Dungeon Overview and Level Annotations

Branches:
Dungeon (3/15)

Altars:


Innate Abilities, Weirdness & Mutations

You are very small and have problems with some larger weapons.
You are too small for most types of armour.
You have supernaturally acute eyesight. (SInv)
You cover ground extremely quickly. (Speed+++)


Message History

The gnoll shaman completely misses you.
Aiming: Throw Flame
Press: ? - help, Shift-Dir - straight line, f/p - gnoll shaman
Aim: a gnoll shaman, wielding a +0 whip and wearing a +0 leather armour (severely wounded, 72% to hit)
The puff of flame hits the gnoll shaman.
The gnoll shaman is almost dead.
The gnoll shaman hits you with a +0 whip.
You hit the gnoll shaman.
You kill the gnoll shaman!
You have reached level 5!
You feel agile.
You completely miss the goblin. You block the goblin's attack.
You completely miss the goblin. The goblin barely misses you.
You hit the goblin.
The goblin is moderately wounded.
The goblin completely misses you.
You hit the goblin.
You kill the goblin!
The gnoll hits you with a +0 whip.
* * * LOW HITPOINT WARNING * * *
Unknown command.
Found 18 gold pieces.
The gnoll is no longer moving quickly.
Aiming: Throw Flame
Press: ? - help, Shift-Dir - straight line, f - gnoll
Aim: a gnoll, wielding a +0 whip (lightly wounded, 72% to hit)
The puff of flame hits the gnoll.
The gnoll is heavily wounded.
Aiming: Throw Flame
Press: ? - help, Shift-Dir - straight line, f/p - gnoll
Aim: a gnoll, wielding a +0 whip (heavily wounded, 72% to hit)
The puff of flame hits the gnoll.
The gnoll is severely wounded.
You barely miss the gnoll.
The gnoll is heavily wounded.
The gnoll barely misses you.
You hit the gnoll.
The gnoll is severely wounded.
The gnoll hits you with a +0 whip!
You die...

####### ############ .......
#..........# .......####
###..........# .......#..
$...........####### .......#.#
#...........).....
.......#.#######..........#######
.........).....#..........###....
...............#.................
............>...@g..........#....
.######..........##.#..####...###
..............>.............### .
.#...................#....### #.
##...).......#..###..#....# #.
##..............###.......# #
##.........#........##....#
##........###...######....#
##....†.........### #....#


You could see a gnoll.

Vanquished Creatures
  A gnoll shaman (D:3)
  4 gnolls
  3 adders (D:2)
  2 worms (D:2)
  A dart slug (D:2)
  6 ball pythons
  8 endoplasms
  A giant cockroach (D:1)
  4 goblins
  3 hobgoblins
  4 jackals (D:1)
  3 quokkas
  2 bats (D:2)
  2 frilled lizards (D:2)
  4 kobolds
  2 rats (D:3)
50 creatures vanquished.

Vanquished Creatures (others)
  11 plants (D:3)
11 creatures vanquished.

Grand Total: 61 creatures vanquished

Notes
Turn   | Place    | Note
-------+----------+-------------------------------------------
     0 | D:1      | grumblor the Spriggan Gladiator began the quest for the
                  | Orb.
     0 | D:1      | Reached XP level 1. HP: 10/10 MP: 2/2
   242 | D:1      | Reached XP level 2. HP: 15/15 MP: 3/3
   503 | D:1      | Reached skill level 5 in Dodging
   755 | D:1      | Found a faded altar of an unknown god.
  1196 | D:2      | Reached XP level 3. HP: 18/18 MP: 4/4
  1534 | D:2      | Reached skill level 1 in Stealth
  1888 | D:2      | Reached skill level 6 in Dodging
  1888 | D:2      | Reached XP level 4. HP: 14/23 MP: 5/5
  2622 | D:3      | Reached skill level 1 in Evocations
  2756 | D:3      | Reached XP level 5. HP: 9/26 MP: 6/6
  2773 | D:3      | Slain by a gnoll

Illustrated notes

Levels and vault maps discovered:
D:1:      lemuel_arrival_broad_hall, layout_loops_ring,
          hellmonk_ecumenical_altar_zigzags, chequers_serial_rivers_large_a,
          hangedman_decor_riveting
D:2:      layout_rooms, corexii_corridor_pit, minmay_tripent
D:3:      layout_rooms, nicolae_grassy_gnolls

Skill      XL: |  1  2  3  4 |
---------------+-------------+-----
Dodging        | 5 6 |  6.5
Fighting       | 2 |  2.2
Stealth        | 1 2 |  2.6
Evocations     | 1 |  1.3
Short Blades   | |  3.2
Throwing       | |  2.0

Action                   |  1- 3 |  4- 6 || total
-------------------------+-------+-------++-------
Melee: Rapier            |    99 |    40 ||   139
       Punch             |     1 |       ||     1
Throw: Boomerang         |       |    16 ||    16
Evoke: Wand              |       |     6 ||     6
  Use: Scroll            |     6 |     2 ||     8
 Stab: Sleeping          |     4 |     2 ||     6
Armor: Robe              |    12 |     1 ||    13
Dodge: Dodged            |    61 |    34 ||    95
Block: Other             |    16 |     8 ||    24

Table legend: (Time is in decaauts)
 A = Elapsed time spent in this place.
 B = Non-inter-level travel time spent in this place.
 C = Inter-level travel time spent in this place.
 D = Time resting spent in this place.
 E = Time spent auto-exploring this place.
 F = Levels seen in this place.
 G = Mean time per level.
                   A        B        C        D        E       F      G
               +--------+--------+--------+--------+--------+-----+--------+
         Total |   2226 |   2177 |     49 |    378 |   1371 |   3 |  742.0 |
       Dungeon |   2226 |   2177 |     49 |    378 |   1371 |   3 |  742.0 |
               +--------+--------+--------+--------+--------+-----+--------+

Top non-repeatable levels by time:
     D:1: 1111 daAuts
     D:2: 966 daAuts
     D:3: 148 daAuts
